[Event "*** Titled Tuesday Blitz"]
[Site "Chess.com"]
[Date "2021.04.27"]
[Round "1"]
[White "Love_craft"]
[Black "GM4life"]
[Result "1-0"]
[WhiteElo "2554"]
[BlackElo "2222"]
[TimeControl "180+1"]
[EndTime "10:06:25 PDT"]
[Termination "Love_craft won on time"]

1. Nf3 d5 2. g3 Nf6 3. Bg2 e6 4. O-O Be7 5. d3 O-O 6. Nbd2 c5 7. e4 Nc6 8. e5 Nd7 9. Re1 Qc7 10.
Qe2 b5 11. h4 h6 12. Nf1 a5 13. N1h2 Re8 14. Ng4 Bf8 15. Bf4 Bb7 16. Qd2 Kh7 17. c3 a4 18. a3 b4 19. cxb4 cxb4 20. d4 Ba6 21. Bf1 Bxf1 22. Rxf1 Qb6 23. Kg2 Rec8 24.
Rh1 Rab8 25. Ng5+ Kg8 26. Qd3 g6 27. Nxe6 Ncxe5 28. dxe5 Qxe6 29. Nxh6+ Bxh6 30. Bxh6 Nxe5 31. Qe2 d4 32. Rae1 Qd5+ 33. Qe4 Qxe4+ 34. Rxe4 bxa3 35.
bxa3 Nc4 36. Rxd4 Ra8 37. h5 Nxa3 38. hxg6 fxg6 39. Rd7 Nc4 40. Rg7+ Kf8 41. Re1 1-0

[Event "*** Titled Tuesday Blitz"]
[Site "Chess.com"]
[Date "2021.04.27"]
[Round "1"]
[White "stolencandy13"]
[Black "canary2016"]
[Result "1-0"]
[WhiteElo "2486"]
[BlackElo "1986"]
[TimeControl "180+1"]
[EndTime "10:06:25 PDT"]
[Termination "stolencandy13 won by checkmate"]

1. d4 d5 2. Bf4 Nf6 3. e3 e6 4. Nf3 Bd6 5. Ne5 O-O 6. Nd2 c5 7.
c3 Qc7 8. Bd3 Nbd7 9. Ndf3 b6 10. h3 Bb7 11. O-O Ne4 12. Qe2 Ndf6 13. a4 Rac8 14.
Rfc1 Rfd8 15. Bh2 Qe7 16. a5 Ra8 17. a6 Bxe5 18. Nxe5 Bc8 19. Nc6 Qd7 20. Nxd8 Qxd8 21. f3 Nd6 22. e4 Nde8 23. exd5 Nxd5 24. Be4 Nec7 25. Rd1 Bxa6 26. Rxa6 Nxa6 27. Qxa6 cxd4 28. Rxd4 Rc8 29. Bxd5 exd5 30. Qd3 Rc5 31. Bg3 h6 32. b4 Rc6 33. Rxd5 Qf6 34. Rd8+ Qxd8 35. Qxd8+ Kh7 36. Qd3+ Kg8 37. Be5 Re6 38. f4 a5 39. bxa5 bxa5 40.
Qd8+ Kh7 41. Qxa5 f6 42. Qd5 Re8 43. c4 fxe5 44. fxe5 Rb8 45. e6 Rb1+ 46. Kh2 Re1 47.
c5 Kg6 48. c6 Kf6 49. c7 Rxe6 50. c8=Q Re7 51. Qdf5# 1-0

[Event "*** Titled Tuesday Blitz"]
[Site "Chess.com"]
[Date "2021.04.27"]
[Round "1"]
[White "barbara25"]
[Black "Susal_De_Silva"]
[Result "0-1"]
[WhiteElo "2290"]
[BlackElo "2615"]
[TimeControl "180+1"]
[EndTime "10:06:26 PDT"]
[Termination "Susal_De_Silva won by resignation"]

1. e4 e5 2. Nf3 Nc6 3. d4 exd4 4.
Nxd4 Bb4+ 5. c3 Bc5 6. Be3 Bb6 7. Nd2 Nf6 8. Qc2 O-O 9. O-O-O Re8 10. f3 d5 11. Bd3 Nxd4 12. cxd4 dxe4 13. Nxe4 Nd5 14. Bg1 Nb4 15. Qb3 Nxd3+ 16. Qxd3 Bf5 17. Kb1 Qd5 18. Re1 c5 19. g4 Bg6 20. h4 h6 21. h5 Bh7 22. Rh2 cxd4 23. Rhe2 Re7 24. Ka1 Rae8 25.
Bh2 Ba5 26. Rc1 Bxe4 27. fxe4 Rxe4 28. Rxe4 Qxe4 29. Qb5 Bd2 30. Rb1 a6 31. Qa4 b5 32.
Qxa6 Bg5 33. Qxb5 Rc8 34. Qf5 Qxf5 35. gxf5 d3 36. Be5 Bc1 37. Bc3 d2 38. Bxd2 Bxd2 39. a4 Rc5 40. b4 Rc4 41. a5 Rxb4 42. Rxb4 Bxb4 43. a6 Bc5 44. Ka2 Ba7 45. Kb3 Kf8 46.
Kc4 Ke7 47. Kd5 Kf6 0-1

[Event "*** Titled Tuesday Blitz"]
[Site "Chess.com"]
[Date "2021.04.27"]
[Round "1"]
[White "BJthechessgod"]
[Black "Nozdrachev_Leonid"]
[Result "0-1"]
[WhiteElo "2287"]
[BlackElo "2610"]
[TimeControl "180+1"]
[EndTime "10:06:26 PDT"]
[Termination "Nozdrachev_Leonid won by resignation"]

1. e4 d6 2. d4 Nf6 3. Nc3 e5 4. dxe5 dxe5 5. Qxd8+ Kxd8 6. Nf3 Bd6 7. Bc4 Ke7 8. Bg5 Be6 9. Bxe6 Kxe6 10. O-O-O Nc6 11.
Nb5 Nxe4 12. Be3 a6 13. Rxd6+ cxd6 14. Nc7+ Ke7 15. Nxa8 Rxa8 16. Rd1 h6 17. Nh4 Ke6 18. f3 Nf6 19. g4 Nd5 20. Bd2 Nd4 21. c3 g5 22.
cxd4 gxh4 23. dxe5 dxe5 24. Bxh6 h3 25. Re1 Nb4 26.
Kd2 Rd8+ 27. Kc3 a5 28. a3 Rd3+ 29. Kc4 Rd4+ 30. Kb5 Nd3 31. Re2 a4 32. Bg7 f6 33.
Kb6 Rd6+ 34. Kxb7 Rd7+ 35. Kc6 Rxg7 36. Rd2 Rd7 37. Kb5 Rd4 0-1

[Event "*** Titled Tuesday Blitz"]
[Site "Chess.com"]
[Date "2021.04.27"]
[Round "1"]
[White "ErikRonka"]
[Black "kritipatel"]
[Result "1-0"]
[WhiteElo "2478"]
[BlackElo "1755"]
[TimeControl "180+1"]
[EndTime "10:06:26 PDT"]
[Termination "ErikRonka won by checkmate"]

1. d4 d5 2. c4 e6 3. Nc3 Nf6 4. cxd5 exd5 5. Bg5 Be7 6. e3 O-O 7. Qc2 c6 8. Bd3 h6 9. Bh4 Be6 10. Nge2 Nbd7 11. O-O Rc8 12. Rad1 c5 13. dxc5 Nxc5 14.
Qb1 Nxd3 15. Qxd3 Qa5 16. Nd4 Rfd8 17. Nf5 Bxf5 18. Qxf5 Rc6 19. Rd2 Rdc8 20. Bxf6 Rxf6 21. Qxc8+ Kh7 22. Rxd5 Qb4 23. Rf5 Rg6 24. Rxf7 Bd6 25.
Qf5 Qh4 26. g3 Qc4 27. Rd1 Bb4 28. h4 Kg8 29. Rd8+ Kh7 30. h5 Qc6 31. hxg6+ Qxg6 32. Rh8+ Kxh8 33. Qxg6 Bxc3 34. bxc3 Kg8 35. Qxg7# 1-0

[Event "*** Titled Tuesday Blitz"]
[Site "Chess.com"]
[Date "2021.04.27"]
[Round "1"]
[White "KonstantinB_1983"]
[Black "ElCoachRene"]
[Result "0-1"]
[WhiteElo "2509"]
[BlackElo "2192"]
[TimeControl "180+1"]
[EndTime "10:06:28 PDT"]
[Termination "ElCoachRene won by checkmate"]

1. d4 Nc6 2. c4 e5 3. dxe5 Nxe5 4. e4 Nf6 5. Qc2 Bb4+ 6. Bd2 Qe7 7. Nc3 O-O 8. Be2 d6 9. a3 Bc5 10. Nf3 a6 11. Bg5 h6 12. Bh4 Ng6 13. Nd5 Qd8 14. Bxf6 gxf6 15. b4 c6 16. Nc3 Ba7 17. O-O Ne5 18.
Rad1 Be6 19. c5 Bb8 20. Qd2 Ng6 21. Qxh6 Qe7 22. cxd6 Bxd6 23. Qc1 Kg7 24. Qc2 Rh8 25. Rfe1 Nh4 26. Nxh4 Rxh4 27. g3 Rh6 28. Kg2 Bh3+ 29. Kg1 Rah8 30. Bd3 Bg4 31. f3 Rxh2 32. Rd2 Rh1+ 33.
Kf2 R8h2+ 34. Ke3 Bc5+ 35. Kf4 Qe5+ 36. Kxg4 Qg5# 0-1

[Event "*** Titled Tuesday Blitz"]
[Site "Chess.com"]
[Date "2021.04.27"]
[Round "1"]
[White "Stormeman100100"]
[Black "jraosam"]
[Result "1-0"]
[WhiteElo "2481"]
[BlackElo "1847"]
[TimeControl "180+1"]
[EndTime "10:06:33 PDT"]
[Termination "Stormeman100100 won on time"]

1. e4 c5 2. Nf3 d6 3. d4 cxd4 4.
Nxd4 Nf6 5. Nc3 g6 6. f3 Bg7 7.
Be3 Nc6 8. Qd2 Bd7 9. O-O-O a6 10. h4 h5 11. Nxc6 bxc6 12. Bc4 Rb8 13. Bg5 Qa5 14. Bb3 Be6 15. Kb1 c5 16. Bxf6 Bxf6 17. Nd5 Qxd2 18. Nxf6+ exf6 19. Rxd2 c4 20. Ba4+ Ke7 21.
c3 f5 22. exf5 Bxf5+ 23. Bc2 Bxc2+ 24. Kxc2 Rb5 25. Re1+ Kd7 26. Re4 d5 27. Rxc4 Rhb8 28. Rb4 Rxb4 29. cxb4 Rxb4 30. Rxd5+ Ke6 31. Ra5 Rxh4 32.
Rxa6+ Kd5 33. a4 Rh2 34. Rf6 Rxg2+ 35. Kc3 h4 36. Rxf7 h3 37. Rh7 h2 38. b4 Ke5 39. a5 Kf4 40. b5 Kg3 41. b6 Ra2 42. b7 Ra3+ 43. Kb2 Rxa5 44. b8=Q+ Kg2 45. Qxh2+ 1-0

[Event "*** Titled Tuesday Blitz"]
[Site "Chess.com"]
[Date "2021.04.27"]
[Round "1"]
[White "ural58"]
[Black "mishanick"]
[Result "0-1"]
[WhiteElo "2474"]
[BlackElo "3013"]
[TimeControl "180+1"]
[EndTime "10:06:35 PDT"]
[Termination "mishanick won by resignation"]

1. e4 c5 2. b3 Nf6 3. e5 Nd5 4.
Nc3 Nc7 5. d4 cxd4 6. Qxd4 Nc6 7. Qe3 g6 8. Bb2 Bg7 9. Nf3 Ne6 10. O-O-O Qa5 11. Rd5 Qc7 12. Nb5 Qb8 13. h4 h5 14.
Ng5 a6 15. Na3 b5 16. c4 Nxg5 17. hxg5 e6 18. Rd2 b4 19. Nc2 Bxe5 20. Bxe5 Qxe5 21. Qxe5 Nxe5 22. Nxb4 Bb7 23. f3 Ke7 24. Be2 a5 25. Nc2 Rhc8 26. Rhd1 Rc7 27. Kb2 a4 28. f4 axb3 29.
axb3 Nc6 30. Bf3 Rb8 31. Kc3 Na5 32. Nd4 Bxf3 33. gxf3 d5 34. Ra1 Nxb3 35. Nxb3 Rxc4+ 36. Kb2 Rxf4 37. Rd3 h4 38. Kc3 Rc4+ 39. Kd2 Kf8 40. Rh1 Kg7 41. Nd4 e5 42. Ne2 Rb2+ 43. Ke3 Rcc2 44.
Re1 d4+ 45. Kf2 h3 46. f4 h2 47. Rh3 d3 48. Rxh2 Rxe2+ 49. Rxe2 Rxe2+ 0-1

[Event "*** Titled Tuesday Blitz"]
[Site "Chess.com"]
[Date "2021.04.27"]
[Round "1"]
[White "NiranjanNavalgund"]
[Black "ChristopherYoo"]
[Result "1-0"]
[WhiteElo "2479"]
[BlackElo "2938"]
[TimeControl "180+1"]
[EndTime "10:06:36 PDT"]
[Termination "NiranjanNavalgund won on time"]

1. e4 c5 2. d4 cxd4 3. c3 dxc3 4.
Nf3 Nc6 5. Bc4 d6 6. O-O e6 7. Nxc3 a6 8. Bg5 Nf6 9. Qe2 Be7 10. Rfd1 Qc7 11. Rac1 O-O 12. b4 Ng4 13. Bf4 Nge5 14. Bb3 Qb8 15. a3 Bf6 16. Be3 Nxf3+ 17. Qxf3 Bd7 18.
Qg3 Be5 19. f4 Bxc3 20. Rxc3 Ne7 21. Bb6 Rc8 22. Rcd3 d5 23. exd5 exd5 24. Bxd5 Bf5 25. R3d2 Bg6 26. Ba2 Nf5 27. Qf3 Re8 28. Rd7 Qc8 29.
Rc7 Qb8 30. Rdd7 Re1+ 31. Kf2 Qe8 32. Rxf7 Ra1 33. Rxg7+ Kh8 34. Rxh7+ 1-0

[Event "*** Titled Tuesday Blitz"]
[Site "Chess.com"]
[Date "2021.04.27"]
[Round "1"]
[White "sergiochess83"]
[Black "mjray79"]
[Result "1-0"]
[WhiteElo "2883"]
[BlackElo "2446"]
[TimeControl "180+1"]
[EndTime "10:06:36 PDT"]
[Termination "sergiochess83 won by resignation"]

1. e4 e5 2. Nf3 Nc6 3. Bb5 a6 4. Ba4 Nf6 5. O-O Be7 6. d3 b5 7.
Bb3 d6 8. c3 O-O 9. Re1 Re8 10.
Nbd2 Bf8 11. Nf1 h6 12. Ng3 g6 13. h3 Bg7 14. d4 exd4 15. cxd4 Na5 16. Bc2 c5 17. d5 Nc4 18. Rb1 Bd7 19. b3 Ne5 20.
Nxe5 dxe5 21. Be3 Qb6 22. Qd2 Kh7 23. b4 Rec8 24. bxc5 Qd8 25. c6 Be8 26. a4 Rab8 27. axb5 axb5 28. Bd3 Qd6 29. Rxb5 Rxb5 30. Bxb5 Rb8 31.
Bf1 Rd8 32. Qc3 Nxe4 33. Nxe4 Qxd5 34. c7 Rc8 35. Ba6 Rxc7 36. Qxc7 Qxe4 37. Bb7 Qf5 38.
Bd5 Kg8 39. Qd8 Qd7 40. Qxd7 Bxd7 41. Rb1 1-0

[Event "*** Titled Tuesday Blitz"]
[Site "Chess.com"]
[Date "2021.04.27"]
[Round "1"]
[White "Oleksandr_Bortnyk"]
[Black "SHIVACalypso"]
[Result "1-0"]
[WhiteElo "2958"]
[BlackElo "2464"]
[TimeControl "180+1"]
[EndTime "10:06:37 PDT"]
[Termination "Oleksandr_Bortnyk won by resignation"]

1. e4 e6 2. d4 d5 3. Nc3 Nf6 4.
Bg5 dxe4 5. Nxe4 Be7 6. Bxf6 gxf6 7. Nf3 f5 8. Nc3 a6 9. Qd3 b5 10. O-O-O Qd6 11. Qe3 Nd7 12. Bd3 Bb7 13. d5 Bxd5 14. Bxf5 c6 15. Nxd5 cxd5 16. Rhe1 O-O-O 17. Nd4 Bf6 18. Bh3 Nc5 19. g3 Kb7 20. f4 Ne4 21. Bg2 Bxd4 22.
Qxd4 f5 23. Bxe4 fxe4 24. Rxe4 dxe4 25. Qxd6 Rxd6 26. Rxd6 Re8 27. Rd4 Kc6 28. Rxe4 Kd5 29. Re5+ Kd6 30. Rh5 Re7 31. c3 Rf7 32. Kc2 Rc7 33. b3 Rb7 34. c4 bxc4 35. bxc4 Rb4 36. Kc3 Rb7 37. a4 Kc6 38. Rh6 Kd6 39. f5 Rb1 40.
Rxe6+ Kd7 41. Rxa6 Rc1+ 42. Kd4 Rf1 43. Ke5 Re1+ 44.
Kf6 h5 45. Ra7+ Ke8 46. Rh7 h4 47. Rh8+ Kd7 48. Rxh4 Kc6 49. Kg7 Rf1 50. f6 1-0

[Event "*** Titled Tuesday Blitz"]
[Site "Chess.com"]
[Date "2021.04.27"]
[Round "1"]
[White "Sjakkerntobi"]
[Black "jacky72"]
[Result "0-1"]
[WhiteElo "2374"]
[BlackElo "2710"]
[TimeControl "180+1"]
[EndTime "10:06:37 PDT"]
[Termination "jacky72 won on time"]

1. e4 e5 2. Nf3 Nc6 3. Bb5 a6 4.
Ba4 d6 5. c3 Bd7 6. O-O g6 7.
d4 Bg7 8. d5 Nce7 9. Bxd7+ Qxd7 10. c4 h6 11. Nc3 f5 12. Ne1 f4 13. Nd3 Nf6 14. Bd2 g5 15. b4 g4 16. f3 h5 17.
c5 O-O 18. Qb3 Kh8 19. cxd6 cxd6 20. b5 Rg8 21. Kh1 Bh6 22. Rab1 h4 23. bxa6 bxa6 24. Qb7 Qe8 25. fxg4 Nxg4 26. h3 Nf6 27. Be1 Nh5 28. Bxh4 Ng3+ 29. Bxg3 Rxg3 30. Rbd1 Rc8 31. Ne2 Re3 32.
Ng1 Rc2 33. Rc1 Rd2 34. Nf2 Bf8 35. Nf3 Rxf3 36. gxf3 Qh5 37. Rc3 Qh4 38. Qb8 Kg7 39.
Rg1+ Kf7 0-1

[Event "*** Titled Tuesday Blitz"]
[Site "Chess.com"]
[Date "2021.04.27"]
[Round "1"]
[White "InvisibleWarrior2252"]
[Black "Grineva_Marianna"]
[Result "1-0"]
[WhiteElo "2561"]
[BlackElo "2226"]
[TimeControl "180+1"]
[EndTime "10:06:37 PDT"]
[Termination "InvisibleWarrior2252 won by resignation"]

1. e4 c5 2. Nf3 d6 3. d4 cxd4 4. Nxd4 Nf6 5. Nc3 g6 6. h3 Bg7 7. g4 Nc6 8. Be3 Bd7 9. Bg2 Qa5 10. O-O O-O 11. Qd2 Rac8 12. Rac1 a6 13. Nxc6 Bxc6 14. Nd5 Qd8 15. Bb6 Qd7 16. c4 e6 17. Nxf6+ Bxf6 18. Rfd1 Be7 19. c5 d5 20. exd5 exd5 21. Bxd5 Bxd5 22. Qxd5 Qb5 23. Qd7 Bf6 24. Qxb5 axb5 25. b4 Rfe8 26. Rc2 Re4 27. a3 Ra8 28. Ba5 Kg7 29.
Rd7 Re1+ 30. Kg2 Ra1 31. Rxb7 Rxa3 32. c6 Rc8 33. c7 Be5 34. Rxb5 Bd6 35. Rd5 Bf4 36.
Rd8 Rxa5 37. Rxc8 Ra7 38. Rg8+ Kxg8 39. c8=Q+ Kg7 40. Qc5 Rc7 41. Qxc7 Bxc7 42. Rxc7 1-0

[Event "*** Titled Tuesday Blitz"]
[Site "Chess.com"]
[Date "2021.04.27"]
[Round "1"]
[White "HrvojeZagreb"]
[Black "SirStrateg"]
[Result "0-1"]
[WhiteElo "2251"]
[BlackElo "2584"]
[TimeControl "180+1"]
[EndTime "10:06:40 PDT"]
[Termination "SirStrateg won on time"]

1. d4 Nf6 2. Bf4 c5 3. e3 Qb6 4. Na3 cxd4 5. exd4 a6 6. Nc4 Qd8 7. a4 d6 8. Bd3 Bg4 9. Qd2 Nbd7 10. h3 Bh5 11. g4 Bg6 12. Nf3 Nb6 13. Ne3 Ne4 14. Qe2 e6 15. a5 Nd7 16. c3 Be7 17. Nc4 d5 18. Nce5 Nxe5 19. Nxe5 Nd6 20. b4 Rc8 21.
Rc1 Bxd3 22. Qxd3 h5 23. Rg1 hxg4 24. hxg4 Ne4 25. f3 Nxc3 26. Rxc3 Bxb4 27. Bd2 Bxc3 0-1

[Event "*** Titled Tuesday Blitz"]
[Site "Chess.com"]
[Date "2021.04.27"]
[Round "1"]
[White "paulrusan"]
[Black "serhanberat_ozdemir"]
[Result "0-1"]
[WhiteElo "2234"]
[BlackElo "2563"]
[TimeControl "180+1"]
[EndTime "10:06:40 PDT"]
[Termination "serhanberat_ozdemir won by checkmate"]

1. e4 c5 2. b4 cxb4 3. Bb2 Nc6 4. d4 e6 5. d5 Nb8 6. d6 Nc6 7. Nf3 f6 8. Bc4 Nh6 9. a3 Nf7 10. axb4 Bxd6 11. b5 Nce5 12. Nxe5 Bxe5 13. Bxe5 Nxe5 14. Be2 O-O 15. f4 Ng6 16. O-O Qb6+ 17. Kh1 Rd8 18. c4 Ne7 19. Nc3 d5 20. cxd5 exd5 21. exd5 Be6 22.
Bc4 Rac8 23. Qe2 Bf7 24. Rac1 Qd4 25. Qxe7 Qxc4 26. Qxb7 Qb4 27. Ne2 Rxc1 28. Rxc1 Bxd5 29. Qc7 Re8 30. Ng3 Qb2 31. Rg1 Qxg2+ 32. Rxg2 Re1+ 33. Nf1 Rxf1# 0-1

[Event "*** Titled Tuesday Blitz"]
[Site "Chess.com"]
[Date "2021.04.27"]
[Round "1"]
[White "OK97"]
[Black "Valeron87"]
[Result "1-0"]
[WhiteElo "2738"]
[BlackElo "2401"]
[TimeControl "180+1"]
[EndTime "10:06:41 PDT"]
[Termination "OK97 won by resignation"]

1. c4 e5 2. Nc3 d6 3. e3 f5 4. d4 Be7 5. Nd5 Nf6 6. Nxe7 Qxe7 7.
Nf3 e4 8. Nd2 c5 9. Nb1 Nc6 10.
Nc3 O-O 11. Be2 Kh8 12. b3 Bd7 13. g3 Rad8 14. h4 Ng4 15. Nd5 Qf7 16. Bb2 cxd4 17. Bxd4 Be6 18. Nf4 d5 19. c5 Qe7 20. h5 Kg8 21.
Qd2 Rc8 22. b4 b6 23. Rc1 Nxd4 24. Qxd4 bxc5 25. bxc5 Rb8 26. Bxg4 fxg4 27. Qe5 Rfe8 28. h6 g6 29. Nxe6 Rb7 30. Qg7+ Qxg7 31. Nxg7 Rf8 32.
O-O 1-0

[Event "*** Titled Tuesday Blitz"]
[Site "Chess.com"]
[Date "2021.04.27"]
[Round "1"]
[White "Irishchessman16"]
[Black "Fighterman91"]
[Result "0-1"]
[WhiteElo "2291"]
[BlackElo "2617"]
[TimeControl "180+1"]
[EndTime "10:06:41 PDT"]
[Termination "Fighterman91 won by resignation"]

1. e4 c5 2. Nf3 Nc6 3. Bb5 e6 4. O-O Nge7 5. Re1 Nd4 6. Nxd4 cxd4 7. c3 a6 8. Bd3 Nc6 9. e5 d6 10. exd6 Bxd6 11. Be4 O-O 12. d3 Qf6 13. Qh5 g6 14.
Qh6 Bd7 15. Bg5 Qh8 16. Nd2 dxc3 17. bxc3 Be7 18. Bxe7 Nxe7 19. Bxb7 Ra7 20. Bf3 Qxc3 21. Ne4 Qg7 22. Qe3 Rc7 23. Qb6 Nd5 24. Qd6 Bb5 25. Nc5 Rc6 26. Nxe6 Rxd6 27. Nxg7 Kxg7 0-1

[Event "*** Titled Tuesday Blitz"]
[Site "Chess.com"]
[Date "2021.04.27"]
[Round "1"]
[White "Savagelittlemole"]
[Black "LamaChampetre"]
[Result "1-0"]
[WhiteElo "2545"]
[BlackElo "2208"]
[TimeControl "180+1"]
[EndTime "10:06:41 PDT"]
[Termination "Savagelittlemole won by resignation"]

1. e4 c5 2. Ne2 g6 3. g3 Bg7 4. Bg2 Nc6 5. O-O Rb8 6. c3 e5 7. d3 d6 8. f4 Bg4 9. h3 Be6 10. Be3 h5 11. Nd2 b6 12. f5 Bd7 13. fxg6 fxg6 14.
Nf3 Nf6 15. Nh4 Kf7 16. d4 cxd4 17. cxd4 exd4 18. Nxd4 Ne5 19. Ndf3 Nxf3+ 20. Qxf3 Rf8 21. Bg5 Be8 22. Qb3+ Ke7 23. Rad1 Qc7 24. Rc1 Qd7 25. Rfd1 Rc8 26. e5 Rxc1 27. exf6+ Bxf6 28. Bxf6+ Rxf6 29. Rxc1 Bf7 30. Qe3+ Re6 31. Qg5+ Ke8 32. Bd5 Re5 33. Bxf7+ Kxf7 34. Qxg6+ Ke7 35. Rf1 Qb5 36. Rf7+ Kd8 37. Qxd6+ 1-0

[Event "*** Titled Tuesday Blitz"]
[Site "Chess.com"]
[Date "2021.04.27"]
[Round "1"]
[White "Thjop"]
[Black "Matensien"]
[Result "1-0"]
[WhiteElo "2711"]
[BlackElo "2376"]
[TimeControl "180+1"]
[EndTime "10:06:43 PDT"]
[Termination "Thjop won on time"]

1. e4 c5 2. Nf3 e6 3. d3 Nc6 4. g3 Nf6 5. Bg2 g6 6. O-O Bg7 7. Re1 e5 8. Nc3 O-O 9. a4 Rb8 10. Nd2 a6 11. Nc4 b5 12. axb5 axb5 13. Nd6 Qc7 14. Ncxb5 Qb6 15. Na3 Nd4 16. Nac4 Qc7 17. Be3 Ne8 18. Nxc8 Rxc8 19. c3 Ne6 20. Qa4 Nd6 21.
Qa7 Nxc4 22. dxc4 Rb8 23. Qxc7 Nxc7 24. Bxc5 Rfc8 25. b4 Ne6 26. Bd6 Rb7 27. c5 Nc7 28. Bf1 Ne8 29. Be7 Rbb8 30. Red1 Rc7 31. h4 h5 32. Kg2 Bf6 33. Bxf6 Nxf6 34. f3 Kf8 35. Bc4 Ke7 36. Kf2 Ne8 37. Ra6 f6 38. Ke3 Rbb7 39. f4 exf4+ 40. gxf4 Rb8 41. Rg1 d6 42. c6 Rbc8 43. b5 1-0

[Event "*** Titled Tuesday Blitz"]
[Site "Chess.com"]
[Date "2021.04.27"]
[Round "1"]
[White "chessdjw"]
[Black "volkanyirik"]
[Result "0-1"]
[WhiteElo "2727"]
[BlackElo "2418"]
[TimeControl "180+1"]
[EndTime "10:06:45 PDT"]
[Termination "volkanyirik won on time"]

1. e4 g6 2. d4 Bg7 3. Nc3 c5 4. dxc5 Nc6 5. Nf3 Nf6 6. Bc4 Qa5 7. O-O Qxc5 8. Bb3 d6 9. h3 O-O 10. Be3 Qh5 11. Re1 a6 12. a3 b5 13. Nd5 Bb7 14. c3 Kh8 15. Bf4 Rad8 16. Ba2 e6 17. Nxf6 Bxf6 18.
Bxd6 Rd7 19. e5 Be7 20. Bxe7 Rxd1 21. Bf6+ Kg8 22. Raxd1 Qf5 23. Rd7 Ba8 24. Nh2 h5 25. Bb1 Nxe5 26. Bxe5 Qg5 27. f3 Bd5 28. Bd4 Qd2 29. Bf2 Qxb2 30. Nf1 Qxc3 31. Ne3 Bb3 32. Rd3 Qb2 0-1

[Event "*** Titled Tuesday Blitz"]
[Site "Chess.com"]
[Date "2021.04.27"]
[Round "1"]
[White "kingofthenil"]
[Black "dosto07"]
[Result "1-0"]
[WhiteElo "2644"]
[BlackElo "2310"]
[TimeControl "180+1"]
[EndTime "10:06:45 PDT"]
[Termination "kingofthenil won by resignation"]

1. e4 e5 2. Nf3 Nc6 3. Bc4 Bc5 4. c3 d6 5. d3 Nf6 6. Bb3 a6 7. Nbd2 Ba7 8. h3 O-O 9. Nf1 Be6 10. Bg5 Ne7 11. Ng3 Kh8 12. Bxf6 gxf6 13. Nh4 Ng6 14. Nhf5 Nf4 15. Qf3 d5 16. O-O-O c5 17. exd5 Bxd5 18. Bxd5 Qxd5 19. Qxd5 Nxd5 20. Ne4 Rad8 21. g3 Rfe8 22. h4 Ne7 23. Nfd6 Rf8 24. Nxb7 Rd5 25. Nxf6 Rb8 26. Nxd5 Nxd5 27. Nd6 f6 28. Kc2 Kg8 29. h5 Kf8 30. Rh4 Ke7 31. Nf5+ Ke6 32. Ng7+ Kf7 33. h6 Ne7 34. Ra4 Rb6 35. f4 exf4 36. gxf4 Ng6 37. d4 Nxf4 38. dxc5 Rb5 1-0

[Event "*** Titled Tuesday Blitz"]
[Site "Chess.com"]
[Date "2021.04.27"]
[Round "1"]
[White "LenkaPtacnikova"]
[Black "guillembaches"]
[Result "1-0"]
[WhiteElo "2177"]
[BlackElo "2505"]
[TimeControl "180+1"]
[EndTime "10:06:45 PDT"]
[Termination "LenkaPtacnikova won on time"]

1. c4 e5 2. g3 Nf6 3. Bg2 d5 4.
cxd5 Nxd5 5. Nf3 Nc6 6. O-O Nb6 7. d3 Be7 8. b3 O-O 9. Bb2 f6 10. e4 Bg4 11. h3 Bh5 12. g4 Bf7 13. d4 exd4 14.
Nxd4 Nxd4 15. Bxd4 a5 16. Bc3 a4 17. Qc2 axb3 18.
axb3 Rxa1 19. Bxa1 Bd6 20. e5 Bxe5 21. Bxe5 fxe5 22.
Bxb7 Bd5 23. Rd1 Kh8 24. Nc3 Bxb7 25. Rxd8 Rxd8 26. Qf5 h6 27. Qxe5 Nd5 28. Nxd5 Bxd5 29. Qxc7 Re8 30. b4 g5 31. Kh2 Re1 32. Qd8+ Bg8 33.
Qd4+ Kh7 34. Qd3+ Kh8 35. Qc3+ 1-0

[Event "*** Titled Tuesday Blitz"]
[Site "Chess.com"]
[Date "2021.04.27"]
[Round "1"]
[White "queen_iryna"]
[Black "Witik"]
[Result "0-1"]
[WhiteElo "2383"]
[BlackElo "2718"]
[TimeControl "180+1"]
[EndTime "10:06:46 PDT"]
[Termination "Witik won by resignation"]

1. e4 c6 2. d4 d5 3. e5 Bf5 4. h4 Qb6 5. c3 h6 6. g4 Be4 7. f3 Bxb1 8. Rxb1 e6 9. Bd3 c5 10. Ne2 Nc6 11. Be3 cxd4 12. Nxd4 Bc5 13. O-O Nge7 14. Kh1 h5 15. g5 g6 16. b4 Bxd4 17.
Bxd4 Nxd4 18. cxd4 O-O 19. b5 Qxd4 20. f4 Rac8 21. Qe2 Rc3 22. Rbd1 Qc5 23. f5 Nxf5 24. Bxf5 exf5 25. e6 Rh3+ 26. Kg2 Rxh4 27. exf7+ Rxf7 28. Qe8+ Kg7 29. Qe5+ Kh7 30. Rxd5 Qc2+ 31. Rf2 Rg4+ 32.
Kf1 Qb1+ 33. Ke2 Qxa2+ 34. Rd2 Qc4+ 35. Kd1 Rg1+ 0-1

[Event "*** Titled Tuesday Blitz"]
[Site "Chess.com"]
[Date "2021.04.27"]
[Round "1"]
[White "FeketeBarika"]
[Black "elextranjero00"]
[Result "0-1"]
[WhiteElo "2236"]
[BlackElo "2565"]
[TimeControl "180+1"]
[EndTime "10:06:46 PDT"]
[Termination "elextranjero00 won by checkmate"]

1. Nf3 d5 2. g3 Nd7 3. Bg2 e5 4. O-O Ngf6 5. d3 Bd6 6. Qe1 O-O 7.
e4 c6 8. c3 Re8 9. Bg5 h6 10.
Be3 dxe4 11. dxe4 Nc5 12. Bxc5 Bxc5 13. Nbd2 a5 14. Rd1 Qc7 15. Nc4 Bg4 16. h3 Be6 17.
Nfd2 b5 18. Ne3 Bxa2 19. c4 Bxe3 20. Qxe3 Bxc4 21. Nxc4 bxc4 22. Rc1 Reb8 23. Rxc4 Rxb2 24. Rfc1 Qb6 25. Qf3 Rb1 26. Kh2 Rxc1 27. Rxc1 a4 28. Qf5 a3 29. Qxe5 Qxf2 30. Rxc6 a2 31. Qd6 a1=Q 32. h4 Qag1+ 33. Kh3 Qgxg2# 0-1

[Event "*** Titled Tuesday Blitz"]
[Site "Chess.com"]
[Date "2021.04.27"]
[Round "1"]
[White "Region_07"]
[Black "TimurGareyev"]
[Result "0-1"]
[WhiteElo "2365"]
[BlackElo "2711"]
[TimeControl "180+1"]
[EndTime "10:06:47 PDT"]
[Termination "TimurGareyev won on time"]

1. d4 Nf6 2. Bg5 c5 3. dxc5 e6 4. Nd2 Bxc5 5. e3 d5 6. Ngf3 h6 7. Bh4 Nc6 8. Bd3 O-O 9. a3 e5 10. e4 Be7 11. Bxf6 Bxf6 12. O-O d4 13. Re1 g6 14. Nf1 Be6 15. Ng3 Rc8 16. h3 h5 17. Qe2 Na5 18. Nd2 h4 19. Ngf1 Bg5 20. Nf3 Bf4 21. N1d2 Qf6 22. b4 Nc6 23. Nb3 b6 24. Rab1 Kg7 25. Nh2 Rc7 26. Ng4 Qg5 27. b5 Ne7 28. Qf3 Rfc8 29. g3 hxg3 30. fxg3 Bxg4 31.
hxg4 Be3+ 32. Kg2 Rxc2+ 33. Bxc2 Rxc2+ 34. Re2 d3 35. Rxc2 dxc2 36. Rf1 f6 37. Qe2 c1=Q 38.
Nxc1 Bxc1 39. Qc4 Be3 40. Qc7 Bc5 41. Rh1 Qd2+ 0-1

[Event "*** Titled Tuesday Blitz"]
[Site "Chess.com"]
[Date "2021.04.27"]
[Round "1"]
[White "nrvisakh"]
[Black "ExtremeLearner"]
[Result "1-0"]
[WhiteElo "2816"]
[BlackElo "2424"]
[TimeControl "180+1"]
[EndTime "10:06:49 PDT"]
[Termination "nrvisakh won by checkmate"]

1. d4 Nf6 2. Bf4 d5 3. e3 c5 4. c3 Nc6 5. Nd2 e6 6. Ngf3 Be7 7. Bd3 Nh5 8. Be5 f6 9. Bg3 g6 10. O-O Nxg3 11. hxg3 O-O 12. Qc2 Kg7 13. dxc5 Bxc5 14. e4 d4 15. Nb3 Bb6 16. cxd4 Nxd4 17. Nfxd4 Bxd4 18. Nxd4 Qxd4 19. Rfd1 Qb6 20. Rac1 Rf7 21. e5 fxe5 22. Qe2 Bd7 23. Qxe5+ Kg8 24. Rd2 Raf8 25.
Rf1 a6 26. b3 Bb5 27. Bxb5 axb5 28. Re2 Rf6 29. g4 R8f7 30. g5 Rf5 31. Qxe6 Qxe6 32. Rxe6 Rxg5 33. Rb6 h5 34. Re1 h4 35. Re3 Kg7 36. f3 h3 37. g4 Rc5 38. Kh2 Kh6 39.
Kxh3 Kg5 40. Kg3 Rc2 41. Ree6 Rg7 42. Rxb5+ Kh6 43. Rh5# 1-0